 Dungeon Crawl Stone Soup version 0.14.1-26-g5a19342 (webtiles) character file.

11091 Kae the Martial Artist (level 11, -2/77 HPs)
             Began as a Green Draconian Transmuter on July 25, 2014.
             Was the Champion of Makhleb.
             Succumbed to a green ugly thing's poison
             ... on Level 11 of the Dungeon.
             The game lasted 00:24:06 (12211 turns).

Kae the Martial Artist (DrTm)                      Turns: 12211, Time: 00:24:07

HP  -2/77        AC  2     Str 12      XL: 11   Next: 36%
MP  15/17        EV 20     Int 13      God: Makhleb [******]
Gold 650         SH  0     Dex 21      Spells:  4 memorised,  3 levels left

rFire  . . .     SeeInvis .       - Unarmed
rCold  . . .     Clarity  .     (armour unavailable)
rNeg   + . .     Conserve .     (shield currently unavailable)
rPois  x         rCorr    .     Q - melded +0 hat {Int+3}
rElec  .         rRot     .     y - melded +1 cloak (curse)
SustAb . .       Spirit   .     (gloves currently unavailable)
rMut   .         Warding  +     s - melded +0 pair of boots
Saprov . . .     Stasis   .     x - cursed amulet of warding
MR     +....                    j - +6,+3 ring of slaying
                                p - ring of protection from magic

@: spider-form, lethally poisoned, quick, somewhat resistant to hostile
enchantments, fairly stealthy
A: (breathe noxious fumes), unfitting armour, (poison resistance), AC +7
a: End Transformation, Minor Destruction, Lesser Servant of Makhleb, Major
Destruction, Greater Servant of Makhleb, Renounce Religion


You were on level 11 of the Dungeon.
You worshipped Makhleb.
Makhleb was exalted by your worship.
You were hungry.
You were in spider-form.
You visited 2 branches of the dungeon, and saw 12 of its levels.
You also visited: Sewer and Ossuary.

You collected 650 gold pieces.

Inventory:

Missiles
 b - 12 arrows
 O - 4 tomahawks
 P - 4 stones (quivered)
Armour
 s - a +0 pair of boots (melded)
 y - a cursed +1 cloak (melded)
 Q - a +0 hat of intelligence (melded)
Magical devices
 e - a wand of cold (5) {unknown}
 F - a wand of digging (17) {unknown}
 N - a wand of paralysis (13) {unknown}
Comestibles
 a - 9 bread rations
 f - 5 meat rations
 r - a rambutan
 w - 3 chunks of centaur flesh
 R - a chunk of yak flesh
Scrolls
 h - 3 scrolls of enchant armour
 t - 4 scrolls of magic mapping
 u - 2 scrolls of remove curse
 z - 5 scrolls of fog
 A - 3 scrolls of enchant weapon I
 G - 2 scrolls of teleportation
 K - 2 scrolls of amnesia
 M - 3 scrolls of identify
Jewellery
 i - a cursed ring of ice
 j - a +6,+3 ring of slaying (right front leg)
 k - an uncursed amulet of clarity
 p - a ring of protection from magic (left front leg)
 x - a cursed amulet of warding (around neck)
 H - an uncursed ring of protection from cold {unknown}
Potions
 c - a potion of agility
 g - 8 potions of curing
 l - 4 potions of brilliance {unknown}
 m - a potion of resistance
 n - 3 potions of heal wounds
 o - a potion of flight {unknown}
 q - a potion of mutation {unknown}
 v - a potion of paralysis {unknown}
 B - 3 potions of haste {unknown}
 C - 2 potions of confusion {unknown}
 D - 2 potions of magic {unknown}
 E - 3 potions of might
 I - 2 potions of invisibility {unknown}
 L - 2 potions of restore abilities {unknown}
Books
 d - a book of Changes

   Spells                             Type                      Level
   *Beastly Appendage                 Transmutation                1
   *Sticks to Snakes                  Transmutation                2
   *Spider Form                       Transmutation/Poison         3
   Ice Form                           Ice/Transmutation            4
   *Blade Hands                       Transmutation                5
Rods
 J - a cursed -3 rod of striking (13/13)
   (You found it on level 7 of the Dungeon)


   Skills:
 - Level 1.1 Fighting
 - Level 1.7 Dodging
 * Level 14.4 Unarmed Combat
 - Level 2.0 Spellcasting
 + Level 10.4 Transmutations


You had 3 spell levels left.
You knew the following spells:

 Your Spells              Type           Power        Failure   Level  Hunger
a - Beastly Appendage     Trmt           ####..       3%          1    ##.....
b - Sticks to Snakes      Trmt           ####......   4%          2    ###....
c - Spider Form           Trmt/Pois      ##........   28%         3    ####...
d - Blade Hands           Trmt           ####......   28%         5    ######.


Dungeon Overview and Level Annotations

Branches:
Dungeon (11/15)            Temple (1/1) D:5             Orc (0/4) D:9
   Lair: D:8-11

Altars:
Ashenzari
Kikubaaqudgha
Makhleb
Vehumet
Xom

Shops:
D:6 }   D:8 =


Innate Abilities, Weirdness & Mutations

((You can breathe blasts of noxious fumes.))*
((Your lurid green scales are hard (AC +7).))*
Your body does not fit into most forms of armour.
Your cold-blooded metabolism reacts poorly to cold.
((Your system is resistant to poisons.))*


Message History

You feel very sick. The white ugly thing misses you.
The two-headed ogre completely misses you. x2
You hit the green ugly thing.
The green ugly thing is lightly wounded.
* * * LOW HITPOINT WARNING * * *
You feel very sick. The green ugly thing trunk-slaps you.
* * * LOW HITPOINT WARNING * * *
The green ugly thing completely misses you.
The green ugly thing kicks you!
* * * LOW HITPOINT WARNING * * *
The white ugly thing barely misses you.
* * * LOW HITPOINT WARNING * * *
You feel very sick. The green ugly thing trunk-slaps you.
* * * LOW HITPOINT WARNING * * *
You are more poisoned.
The green ugly thing poisons you!
You die...

≈≈≈≈≈≈≈≈≈≈≈≈≈≈≈≈≈≈≈≈≈≈≈#...
≈≈≈≈≈≈≈≈≈≈≈≈≈≈≈≈≈≈≈≈≈≈≈#....
≈≈≈≈≈≈≈≈≈≈≈≈≈≈≈≈≈≈≈≈≈≈≈#.....
≈≈≈≈≈≈≈≈≈≈≈≈≈≈≈≈≈≈≈≈≈≈≈#.....
≈≈≈≈≈≈≈≈≈≈≈≈≈≈≈≈≈≈≈≈≈≈≈#.....
########################......
.....<.(......................
...............<..............
..........(.....s.............
.....)............u.O.........
...<..(......>...uOu.........
..................u..........
......}...........u.....:....
########################....
≈≈≈≈≈≈≈≈≈≈≈≈≈≈≈≈≈≈≈S≈≈≈#..O.
≈≈≈≈≈≈≈≈≈≈≈≈≈≈≈≈≈≈≈≈≈≈≈#...
≈≈≈≈≈≈≈≈≈≈≈ ≈≈≈≈≈≈≈≈≈≈#..


You could see 5 ugly things, a two-headed ogre, an ogre and a lava snake.

Vanquished Creatures
  Gastronok (D:8)
  A centaur warrior (D:10)
  2 unseen horrors (D:10)
  The ghost of hurdos the Insei, an experienced DrTm (Ossuary)
  Psyche (D:8)
  A two-headed ogre (D:10)
  The ghost of Kae the Insei, an average DrTm (D:4)
  A troll (D:10)
  A hydra skeleton (D:10)
  5 ugly things
  3 yaks (D:11)
  A hungry ghost (D:8)
  A warg (D:9)
  A black bear (D:8)
  3 sky beasts (D:9)
  4 ogres
  3 orc warriors
  2 phantoms (D:4)
  A yellow wasp (D:9)
  2 centaurs
  Duvessa (D:5)
  A big kobold (D:9)
  A cyclops zombie (D:9)
  10 giant frogs
  3 scorpions
  A yak zombie (D:9)
  10 wights
  An eye of draining (D:10)
  10 killer bees
  A goliath beetle (D:7)
  Dowan (D:5)
  4 hounds
  3 crimson imps
  Crazy Yiuf (D:5)
  2 orc priests
  A gnoll shaman (D:8)
  2 jellies
  A centaur skeleton (D:9)
  2 elf skeletons
  A giant frog zombie (D:5)
  6 orc wizards
  Natasha (thrice) (D:5)
  2 iguanas
  6 worker ants
  A big kobold zombie (Ossuary)
  2 ogre skeletons
  3 mummies (Ossuary)
  9 green rats
  11 gnolls
  18 adders
  A shadow imp (D:10)
  3 giant mites
  An inept feature mimic (D:5)
  5 worms
  An adder skeleton (D:4)
  4 adder zombies (Ossuary)
  An iguana skeleton (D:6)
  A giant eyeball (D:6)
  An ooze (D:7)
  49 orcs
  14 ball pythons (Sewer)
  13 bats
  A gnoll zombie (Ossuary)
  19 hobgoblins
  9 jackals
  20 kobolds
  4 quokkas
  5 giant cockroaches
  7 giant geckos
  A giant gecko zombie (D:7)
  6 giant newts
  2 giant spores (D:7)
  15 goblins
  3 goblin zombies (Ossuary)
  A hobgoblin zombie (Ossuary)
  A jackal skeleton (D:4)
  3 kobold zombies (Ossuary)
  An orc skeleton (D:7)
  2 orc zombies
  4 quokka zombies (Ossuary)
  45 rats
  A rat zombie (Ossuary)
  9 ballistomycetes
  2 plants (D:6)
409 creatures vanquished.

Vanquished Creatures (others)
  A hellwing (D:11)
  2 giant spores (D:6)
3 creatures vanquished.

Grand Total: 412 creatures vanquished

Notes
Turn   | Place    | Note
--------------------------------------------------------------
     0 | D:1      | Kae, the Draconian Transmuter, began the quest for the Orb.
     0 | D:1      | Reached XP level 1. HP: 16/16 MP: 3/3
   229 | D:1      | Reached XP level 2. HP: 20/23 MP: 4/4
   851 | D:2      | Reached XP level 3. HP: 21/28 MP: 4/6
   858 | D:2      | Reached skill level 4 in Unarmed Combat
  1674 | D:2      | Reached XP level 4. HP: 31/35 MP: 7/7
  1818 | D:3      | Learned a level 2 spell: Sticks to Snakes
  1822 | D:3      | Learned a level 3 spell: Spider Form
  2124 | D:3      | Reached skill level 5 in Unarmed Combat
  2274 | D:3      | Reached XP level 5. HP: 33/40 MP: 7/9
  2649 | D:3      | Found a shimmering altar of Xom.
  2819 | D:4      | Noticed Kae's ghost (average DrTm)
  2917 | D:4      | Noticed a phantom
  2926 | D:4      | Killed a phantom
  2926 | D:4      | Reached skill level 6 in Unarmed Combat
  2926 | D:4      | Reached XP level 6. HP: 36/47 MP: 8/10
  3398 | D:4      | Killed Kae's ghost
  3398 | D:4      | Reached skill level 7 in Unarmed Combat
  3398 | D:4      | Your scales start taking on a lurid green colour.
  3398 | D:4      | Gained mutation: Your system is resistant to poisons. [draconian maturity]
  3398 | D:4      | Reached XP level 7. HP: 24/52 MP: 12/12
  4105 | D:4      | Reached skill level 5 in Transmutations
  4229 | D:5      | Entered Level 5 of the Dungeon
  4279 | D:5      | Reached skill level 8 in Unarmed Combat
  4480 | D:5      | Found a shattered altar of Ashenzari.
  4614 | D:5      | Noticed Natasha
  4620 | D:5      | Killed Natasha
  4646 | D:5      | Noticed Natasha
  4650 | D:5      | Found a staircase to the Ecumenical Temple.
  4675 | D:5      | Killed Natasha
  4701 | Temple   | Entered the Ecumenical Temple
  4758 | Temple   | Became a worshipper of Makhleb the Destroyer
  4840 | D:5      | Reached XP level 8. HP: 40/59 MP: 11/13
  4844 | D:5      | Noticed Dowan
  4943 | D:5      | Noticed Duvessa
  4951 | D:5      | Killed Duvessa
  4960 | D:5      | Killed Dowan
  4985 | D:5      | Noticed Natasha
  4995 | D:5      | Killed Natasha
  5190 | D:5      | Reached skill level 9 in Unarmed Combat
  5575 | D:5      | Noticed Crazy Yiuf
  5580 | D:5      | Killed Crazy Yiuf
  5772 | D:6      | Acquired Makhleb's first power
  5785 | D:6      | Found a glowing drain.
  5821 | Sewer    | Entered a sewer
  5967 | Sewer    | Acquired Makhleb's second power
  6218 | Sewer    | Acquired Makhleb's third power
  6607 | D:6      | Found Shasuleo's Gadget Boutique.
  6680 | D:6      | Reached skill level 10 in Unarmed Combat
  6853 | D:6      | Reached XP level 9. HP: 49/64 MP: 12/14
  6916 | D:6      | Found an ancient bone altar of Kikubaaqudgha.
  7326 | D:7      | Learned a level 5 spell: Blade Hands
  7568 | D:7      | Acquired Makhleb's fourth power
  8354 | D:8      | Found a sand-covered staircase.
  8379 | D:8      | Reached skill level 11 in Unarmed Combat
  8431 | Ossuary  | Entered an ossuary
  8625 | Ossuary  | Noticed hurdos' ghost (experienced DrTm)
  8637 | Ossuary  | Killed hurdos' ghost
  8699 | Ossuary  | Acquired Makhleb's fifth power
  8849 | D:8      | Noticed Psyche
  8859 | D:8      | Killed Psyche
  9139 | D:8      | Noticed Gastronok
  9162 | D:8      | Killed Gastronok
  9162 | D:8      | Reached skill level 12 in Unarmed Combat
  9162 | D:8      | Reached XP level 10. HP: 45/71 MP: 16/16
  9328 | D:8      | Found Toaker's Jewellery Shoppe.
  9817 | D:9      | Found a staircase to the Orcish Mines.
 10025 | D:9      | Reached skill level 13 in Unarmed Combat
 10647 | D:10     | Entered Level 10 of the Dungeon
 11262 | D:10     | Reached XP level 11. HP: 77/77 MP: 1/17
 11350 | D:10     | Killed an unseen horror
 11350 | D:10     | Reached skill level 10 in Transmutations
 11469 | D:10     | Reached skill level 14 in Unarmed Combat
 11841 | D:10     | Killed an unseen horror
 12017 | D:10     | Noticed a centaur warrior
 12031 | D:10     | Killed a centaur warrior
 12211 | D:11     | Succumbed to a green ugly thing's poison

Action                   |  1- 3 |  4- 6 |  7- 9 | 10-12 || total
-------------------------+-------+-------+-------+-------++-------
Melee: Unarmed           |   156 |   185 |   627 |   315 ||  1283
Throw: Stone             |       |       |     1 |     4 ||     5
 Cast: Beastly Appendage |     9 |    17 |    24 |    12 ||    62
       Spider Form       |       |     1 |     5 |     1 ||     7
Invok: Lesser Servant of |       |       |       |     1 ||     1
 Abil: Breathe Noxious F |       |       |     6 |     1 ||     7
  Use: Potion            |     1 |       |     5 |     6 ||    12
       Scroll            |       |     5 |    15 |       ||    20
 Stab: Confused          |       |       |     6 |       ||     6
